 Dungeon Crawl Stone Soup version 0.30-a0-1176-gcdfb0321a8 (webtiles) character file.

Game seed: 2963566305188450423

70 Morbidden the Gusty (level 3, -3/26 HPs)
             Began as a Demigod Air Elementalist on Apr 30, 2023.
             Slain by an iguana (16 damage)
             ... on level 4 of the Dungeon.
             The game lasted 00:02:41 (3277 turns).

Morbidden the Gusty (Demigod Air Elementalist)      Turns: 3277, Time: 00:02:42

Health: -3/26      AC:  3    Str:  9    XL:     3   Next: 77%
Magic:  0/9        EV: 11    Int: 21    God:
Gold:   97         SH:  5    Dex: 14    Spells: 3/6 levels left

rFire   . . .        a - +0 dagger
rCold   . . .        (no shield)
rNeg    . . .        t - +0 leather armour
rPois   .            (no helmet)
rElec   .            r - scarf {harm}
rCorr   .            (no gloves)
SInv    .            (no boots)
Will    .....        f - amulet of reflection
Stlth   ++           (no ring)
HPRegen 0.24/turn    (no ring)
MPRegen 0.11/turn

%: harm (+30% outgoing, +20% incoming), reflection
@: very slightly contaminated
A: high MP 1, forlorn, divine attributes
a: no special abilities


You were on level 4 of the Dungeon.
You visited 1 branch of the dungeon, and saw 4 of its levels.

You collected 97 gold pieces.

Inventory:

Hand Weapons
 a - a +0 dagger (weapon)
Missiles
 o - 7 poisoned darts
Armour
 r - a scarf of harm (worn)
 t - a +0 leather armour (worn)
Jewellery
 f - an amulet of reflection (around neck)
Scrolls
 c - 2 scrolls of blinking {unknown}
 g - a scroll of fog {unknown}
 j - 3 scrolls of teleportation {unknown}
 m - a scroll of magic mapping {unknown}
 p - a scroll of identify {unknown}
Potions
 b - 2 potions of magic
 e - 3 potions of curing {unknown}
 h - a potion of brilliance {unknown}
 i - 3 potions of degeneration {unknown}
 k - a potion of heal wounds {unknown}
 l - a potion of flight {unknown}
 n - a potion of mutation {unknown}
 q - 2 potions of resistance {unknown}
 s - a potion of haste {unknown}


   Skills:
 * Level 0.2 Short Blades
 + Level 0.2 Armour
 * Level 2.0 Dodging
 + Level 1.8 Stealth
 + Level 0.1 Unarmed Combat
 * Level 2.4 Spellcasting
 * Level 1.5 Conjurations
 * Level 3.5 Air Magic


You had 3 spell levels left.
You knew the following spells:

 Your Spells              Type           Power      Damage    Failure   Level
a - Shock                 Conj/Air       52%        1d6       7%          1
b - Static Discharge      Conj/Air       26%        2-4/arc   11%         2

Your spell library contained the following spells:

 Spells                   Type           Power      Damage    Failure   Level
 Swiftness                Air            17%        N/A       14%         3
 Vhi's Electric Charge    Tloc/Air       18%        N/A       28%         3
 Inner Flame              Hex/Fire       2%         N/A       52%         3
 Airstrike                Air            8%         2d(2-18)  43%         4
 Flame Wave               Conj/Fire      5%         2d5       82%         4
 Sticky Flame             Conj/Fire      5%         2d3       82%         4
 Arcjolt                  Conj/Air       6%         1d16      89%         5
 Plasma Beam              Fire/Air       4%         2x1d16    100%        6


Dungeon Overview and Level Annotations

Branches:
Dungeon (4/15)
 Temple: D:4-7


Innate Abilities, Weirdness & Mutations

You have an increased reservoir of magic. (+10% MP)
You shall have no god before yourself.
Your divine heritage dramatically boosts your attributes as you level up.


Message History

Confirm with . or Enter, or press ? or * to list all spells.
Aiming: Shock (safe; 7% risk of failure)
Press: ? - help, Shift-Dir - straight line, f/p - iguana
Aim: an iguana (lightly wounded, 72% to hit)
The zap hits the iguana.
The iguana is moderately wounded.
Casting: Shock (safe; 7% risk of failure)
Confirm with . or Enter, or press ? or * to list all spells.
Aiming: Shock (safe; 7% risk of failure)
Press: ? - help, Shift-Dir - straight line, f/p - iguana
Aim: an iguana (moderately wounded, 72% to hit)
The zap hits the iguana but does no damage.
The iguana is moderately wounded.
Casting: Shock (safe; 7% risk of failure)
Confirm with . or Enter, or press ? or * to list all spells.
Aiming: Shock (safe; 7% risk of failure)
Press: ? - help, Shift-Dir - straight line, f/p - iguana
Aim: an iguana (moderately wounded, 72% to hit)
The zap hits the iguana.
The iguana is heavily wounded.
Unknown command.
Casting: Shock (safe; 7% risk of failure)
Confirm with . or Enter, or press ? or * to list all spells.
Aiming: Shock (safe; 7% risk of failure)
Press: ? - help, Shift-Dir - straight line, f/p - iguana
Aim: an iguana (heavily wounded, 72% to hit)
The zap hits the iguana.
The iguana is severely wounded.
The iguana bites you!
Ouch! That really hurt!
Casting: Shock (safe; 7% risk of failure)
Confirm with . or Enter, or press ? or * to list all spells.
Aiming: Shock (safe; 7% risk of failure)
Press: ? - help, Shift-Dir - straight line, f/p - iguana
Aim: an iguana (severely wounded, 72% to hit)
The zap hits the iguana.
The iguana is severely wounded.
The iguana bites you!
Ouch! That really hurt!
You die...

### ##.# ###
#.)## .
#.###...#####...
#..#..#........#
#....##.@l......
#...##..###.....
##.##..## ....
#.##...# ...
######.## .
#..## ##..##
##..###.#
#.<....#


You could see an iguana.

Vanquished Creatures
  A gnoll (D:4)
  An adder (D:2)
  A worm (D:2)
  A dart slug (D:3)
  2 ball pythons (D:3)
  4 endoplasms
  2 giant cockroaches
  5 goblins
  6 hobgoblins
  A jackal (D:3)
  2 quokkas
  3 bats
  A frilled lizard (D:1)
  8 kobolds
  6 rats
44 creatures vanquished.

Vanquished Creatures (others)
  A plant (D:1)
1 creature vanquished.

Grand Total: 45 creatures vanquished

Notes
Turn   | Place    | Note
-------+----------+-------------------------------------------
     0 | D:1      | Morbidden the Demigod Air Elementalist began the quest for
                  | the Orb.
     0 | D:1      | Reached XP level 1. HP: 14/14 MP: 5/5
   163 | D:1      | Reached skill level 3 in Air Magic
   334 | D:1      | Reached skill level 1 in Conjurations
   334 | D:1      | Reached XP level 2. HP: 20/20 MP: 0/7
   593 | D:1      | You fall into a shaft and drop 1 floor!
  1925 | D:2      | Reached XP level 3. HP: 22/26 MP: 1/8
  2555 | D:3      | Learned a level 2 spell: Static Discharge
  3277 | D:4      | Slain by an iguana

Illustrated notes

Levels and vault maps discovered:
D:1:      sevenhm_arrival_forest_fort_large_4, layout_loops_ring, hex_large
D:2:      layout_basic, basic_altar, kennysheep_generic_room_4
D:3:      minmay_evil_eye, layout_rooms, mainiacjoe_overflow_six_doors_small
D:4:      layout_layer_cave, minmay_temple_entry_proselytizer, serial_shops,
          nicolae_lakefront_shop, uniq_grinder, uniq_ijyb

Skill      XL: |  1  2 |
---------------+-------+-----
Air Magic      | 3 |  3.5
Spellcasting   | 2 |  2.4
Conjurations   | 1 |  1.5
Dodging        | 2 |  2.0
Short Blades   | |  0.2
Armour         | |  0.2
Stealth        | |  1.8
Unarmed Combat | |  0.1

Action                     || total
---------------------------++-------
  Melee: Unarmed           ||     3
         Dagger            ||    14
   Cast: Shock             ||   108
 Armour: Robe              ||     2
  Dodge: Dodged            ||    18
  Block: Other             ||     4
         Reflection        ||     1

Table legend: (Time is in decaauts)
 A = Elapsed time spent in this place.
 B = Non-inter-level travel time spent in this place.
 C = Inter-level travel time spent in this place.
 D = Time resting spent in this place.
 E = Time spent auto-exploring this place.
 F = Levels seen in this place.
 G = Mean time per level.
                   A        B        C        D        E       F      G
               +--------+--------+--------+--------+--------+-----+--------+
         Total |   3276 |   3154 |    122 |    263 |   2580 |   4 |  819.0 |
       Dungeon |   3276 |   3154 |    122 |    263 |   2580 |   4 |  819.0 |
               +--------+--------+--------+--------+--------+-----+--------+

Top non-repeatable levels by time:
     D:2: 1274 daAuts
     D:1: 1245 daAuts
     D:3: 695 daAuts
     D:4: 60 daAuts
